 Dungeon Crawl Stone Soup version 0.14-a0-1663-g0b35444 (webtiles) character file.

288987 Medar the Impaler (level 23, 0/161 HPs)
             Began as a Formicid Abyssal Knight on Dec 28, 2013.
             Was a High Priest of Lugonu.
             Slain by a stone giant (28 damage)
             ... on Level 4 of the Vaults on Dec 29, 2013.
             The game lasted 06:05:21 (80671 turns).

Medar the Impaler (Formicid Abyssal Knight)        Turns: 80671, Time: 06:05:21

HP   0/161       AC 22     Str 33      XL: 23   Next:  1%
MP  34/49        EV  8     Int 14      God: Lugonu [*****.]
Gold 263         SH 34     Dex 15      Spells:  0 memorised, 22 levels left

rFire  + + .     SeeInvis +     a - +5 bardiche (chop)
rCold  + + .     Clarity  +     V - +1 plate armour {rC+}
rNeg   . . .     Conserve .     F - +2 dwarf shield
rPois  +         rCorr    .     (helmet unavailable)
rElec  +         rRot     .     J - -2 cloak
SustAb . .       Spirit   .     O - +1 pair of gloves {Dex+3}
rMut   .         Warding  .     d - +0 pair of boots {run}
Saprov . . .     Stasis   +     x - amulet of the Devil {Clar MR++}
                                N - ring "Xogona" {rPois Str+3 Int+3}
                                r - ring of Veett {rF+ MP+9 Str+4 SInv}

@: quick, extremely resistant to hostile enchantments, extremely unstealthy
A: permanent stasis, dig shafts and tunnels, four strong arms, poison weakness,
antennae 3, robust 1, exoskeleton 1
a: Dig, Shaft Self, Depart the Abyss, Bend Space, Banish, Corrupt, Enter the
Abyss, Renounce Religion
}: 1/15 runes: decaying


You were on level 4 of the Vaults.
You worshipped Lugonu.
Lugonu was extremely pleased with you.
You were near starving.

You visited 7 branches of the dungeon, and saw 43 of its levels.
You visited the Abyss 1 time.
You visited 1 bazaar.
You also visited: Labyrinth, Bailey and Ice Cave.

You collected 4906 gold pieces.
You spent 4643 gold pieces at shops.

Inventory:

Hand weapons
 a - a +5,+5 bardiche of chopping (weapon)
 i - the +3,+3 demon trident "Vuamoata" {venom, rElec rN+}
   (You acquired it on level 4 of the Swamp)

   It poisons the flesh of those it strikes.
   It insulates you from electricity.
   It protects you from negative energy.
Missiles
 K - 4 large rocks (quivered)
Armour
 d - a +0 pair of boots of running (worn)
 F - a +2 dwarven shield (worn)
 J - a -2 cloak (worn)
 O - a +1 pair of gloves of dexterity (worn)
 V - a +1 plate armour of cold resistance (worn)
Magical devices
 l - a wand of disintegration (10)
 p - a wand of heal wounds (0)
 B - a wand of draining (4)
 M - a wand of cold (6)
 P - a wand of draining (4)
Comestibles
 c - 4 bread rations
 q - a chunk of tengu flesh
Scrolls
 j - a scroll of summoning
 n - 5 scrolls of remove curse
 s - a scroll of identify
 u - 5 scrolls of fear
 y - a scroll of magic mapping
 T - 5 scrolls of fog
 Y - a scroll of holy word
Jewellery
 e - the macabre finger necklace {Ward}
   (You bought it in a shop in a bazaar)

   [amulet of warding]
 f - the amulet of Charity {Clar +Inv rPois Stlth}
   (You bought it in a shop in a bazaar)

   [amulet of clarity]

   It protects you from poison.
   It lets you turn invisible.
   It makes you more stealthy.
 k - an uncursed amulet of resist mutation
 r - the ring of Veett (left hand) {rF+ MP+9 Str+4 SInv}
   (You bought it in a shop in a bazaar)

   [ring of magical power]

   It affects your strength (+4).
   It protects you from fire.
   It enhances your eyesight.
 x - the amulet of the Devil (around neck) {Clar MR++}
   (You found it on level 1 of the Vaults)

   [amulet of clarity]

   It affects your resistance to hostile enchantments.
 A - the amulet "Zofuocw" {Clar Int+4}
   (You found it on level 5 of the Swamp)

   [amulet of clarity]

   It affects your intelligence (+4).
 C - an uncursed ring of regeneration
 G - an uncursed ring of protection from magic
 N - the ring "Xogona" (right hand) {rPois Str+3 Int+3}
   (You found it in a labyrinth)

   [ring of poison resistance]

   It affects your strength (+3).
   It affects your intelligence (+3).
 X - an uncursed ring of poison resistance
 Z - an uncursed ring of protection from cold
Potions
 o - a potion of might
 z - 8 potions of curing
 D - 2 potions of flight
 I - a potion of invisibility
 Q - 3 potions of resistance
 S - a potion of restore abilities
Miscellaneous
 g - a sack of spiders
 m - a lamp of fire
 E - a stone of tremors
Rods
 b - a +3 rod of warding (9/9) {!a}
   (You took it off a minotaur in a labyrinth)
 t - a -3 rod of demonology (12/12) {!a}
   (You found it on level 1 of the Swamp)
 W - a +4 rod of fiery destruction (14/14) {!a}
   (You took it off a yaktaur captain on level 3 of the Vaults)


   Skills:
 - Level 14.3 Fighting
 + Level 20.7 Polearms
 - Level 15.0 Armour
 - Level 0.8 Dodging
 - Level 15.0 Shields
 - Level 20.2 Invocations
 - Level 5.0 Evocations


You had 22 spell levels left.
You didn't know any spells.

Dungeon Overview and Level Annotations

Branches:
Dungeon (16/16)            Temple (1/1) D:6             Orc (4/4) D:9
    Elf (0/3) Orc:3          Lair (8/8) D:9           Swamp (5/5) Lair:5
 Spider (5/5) Lair:3        Slime (0/6) Lair:8       Vaults (4/5) D:15
  Blade (0/1) Vaults:4     Forest (0/5) Vaults:2     Depths (0/6) D:16

Altars:
Elyvilon
Kikubaaqudgha
Okawaru
Trog
Zin

Shops:
D:13 /   Orc:2 !   Orc:4 :[=?   Vaults:4 (

Annotations:
Abyss:1 Erica, Erolcha, Nergalle, Sonja


Innate Abilities, Weirdness & Mutations

Your are under a permanent stasis effect.
You can dig through walls and to a lower floor.
Your four strong arms can wield any weapon, most with a shield.
You are susceptible to poison.
You have a pair of large antennae on your head (SInv).
Your body is surrounded by an exoskeleton. (HP +5, AC +1)
You are robust (+10% HP).


Message History

The stone giant struggles to resist.
You are near starving!
You block the storm dragon's attack. You block the stone giant's attack.
You slice the storm dragon like a ripe choko!!!
The storm dragon is almost dead.
The storm dragon breathes lightning at you.
The bolt of lightning hits you! You resist.
* * * LOW HITPOINT WARNING * * *
The stone giant hits you!
* * * LOW HITPOINT WARNING * * *
Use which ability? (? or * to list)
Press: ? - help, Shift-Dir - straight line, f/p - stone giant
Aim: a stone giant The stone giant struggles to resist.
You feel somewhat more hungry.
The storm dragon bites you but does no damage.
You block the storm dragon's attack.
The storm dragon tramples you but does no damage.
The stone giant hits you!
You die...

{ { ...# ########+## ########
....# ##...###...# {
#.....(#.....###.....#[....
###...§..'#######......).....
#......§.C.#...##.....)......
#........D.#...##............ {
#..........#...###..()).)....
#....##....#...# ##().[>)...#
#....##....#@..###(...)..)...
...#.....§....#DC.##........)...
#...#.##....##.'....'...)....)...
#...#.##....##.'....#........)...
#..{#..........#...###.....#..)..
#.{{#....##....#...# ##...###...#
#{..#....##....#...# ##### #####
#...#..........#...#
#...#..........#...#


You could see a storm dragon and a stone giant.

Vanquished Creatures
  Norris (Swamp:1)
  Arachne (Spider:4)
  A titan (Vaults:4)
  A storm dragon (Vaults:3)
  Agnes (Spider:4)
  A sphinx (D:12)
  A tengu reaver (Vaults:4)
  The ghost of KINGBONG the Brawler, a powerful TrHu of Okawaru (Swamp:2)
  Donald (Orc:3)
  4 vault wardens
  The ghost of KINGBONG the Shatterer, a powerful OgHu of Trog (Orc:4)
  Aizul (Swamp:2)
  A frost giant (Vaults:4)
  8 stone giants
  2 deep elf annihilators
  Azrael (Spider:1)
  2 blizzard demons (IceCv)
  The ghost of 4tharraofdagon the Cleaver, a powerful CeAr of Zin (D:14)
  2 ettins
  8 ironheart preservers
  3 great orbs of eyes (Vaults:2)
  15 vault guards
  10 yaktaur captains
  11 ogre magi
  3 ice dragons
  Fannar (Lair:1)
  Josephine (Spider:1)
  A ravenous feature mimic (Vaults:3)
  6 hydras
  A minotaur (Lab)
  10 alligators
  A rakshasa (D:16)
  An orc high priest (Vaults:2)
  5 death yaks
  A deep troll shaman (Vaults:4)
  14 centaur warriors
  4 very ugly things
  A fire crab (Vaults:2)
  A water nymph (shapeshifter) (Vaults:3)
  2 deep elf knights
  2 catoblepae
  An iron troll (Vaults:2)
  5 ice devils (IceCv)
  An unseen horror (shapeshifter) (Vaults:2)
  7 unseen horrors
  3 giant amoebae
  9 deep trolls
  A wizard (Vaults:2)
  13 ironbrand convokers
  An ice statue (IceCv)
  A faun (shapeshifter) (Vaults:2)
  10 hill giants
  12 swamp dragons
  2 flayed ghosts
  12 orc knights
  A necromancer (D:16)
  A wolf spider zombie (Spider:1)
  Joseph (Lair:1)
  13 cyclopes
  21 wolf spiders
  4 orc sorcerers
  8 griffons
  3 spiny worms
  8 vault sentinels
  2 phantasmal warriors
  5 red wasps
  Maurice (Orc:2)
  A deep elf summoner (D:15)
  12 elephants
  2 queen ants
  A guardian serpent (Vaults:4)
  5 black mambas
  8 demonic crawlers
  16 spiny frogs
  39 yaktaurs
  4 anaconda simulacra (IceCv)
  A vapour (Vaults:2)
  An item mimic (Orc:4)
  A redback zombie (Spider:1)
  2 deep elf priests (Vaults:1)
  15 orb spiders
  19 jumping spiders
  A phoenix simulacrum (IceCv)
  A blue devil (IceCv)
  4 giant leeches
  3 spriggans (Vaults:2)
  2 naga magi (D:16)
  8 komodo dragons
  9 fire drakes
  17 two-headed ogres
  A giant firefly (Vaults:2)
  11 trolls
  7 blink frogs
  A hydra skeleton (D:14)
  8 boulder beetles
  58 slime creatures
  12 bog bodies
  2 griffon zombies (D:15)
  7 basilisks
  A brown ooze (shapeshifter) (Vaults:4)
  A trapdoor spider zombie (D:12)
  2 dire elephant simulacra (IceCv)
  A grizzly bear (shapeshifter) (Vaults:4)
  4 wraiths
  17 tarantellas
  16 trapdoor spiders
  14 sharks
  2 vampires
  A tarantella (shapeshifter) (Vaults:1)
  A water elemental (D:14)
  An elephant slug (Lair:8)
  A wyvern (shapeshifter) (Vaults:1)
  A human (shapeshifter) (Vaults:4)
  44 redbacks
  38 ugly things
  A hill giant zombie (D:13)
  A steam dragon (D:11)
  51 yaks
  Eustachio (D:10)
  A hog (shapeshifter) (D:15)
  An iron troll simulacrum (IceCv)
  64 vampire mosquitoes
  Grum (D:9)
  A deep elf mage (Vaults:1)
  2 hill giant skeletons
  15 hippogriffs
  3 death yak simulacra (IceCv)
  17 soldier ants
  8 deep elf fighters
  4 hungry ghosts
  7 manticores
  3 fire elementals
  46 swamp worms
  11 wolves
  4 hydra simulacra (IceCv)
  17 porcupines
  2 harpy simulacra (IceCv)
  A tarantella simulacrum (Spider:1)
  5 hell hounds
  A necrophage (D:12)
  13 swamp drakes
  2 black bears
  A mottled dragon (D:15)
  30 orc warriors
  5 sky beasts
  11 freezing wraiths
  A yellow wasp (D:16)
  A jumping spider simulacrum (Spider:1)
  2 ice beasts
  16 giant goldfish
  9 centaurs
  8 phantoms
  A boring beetle (Lair:5)
  An ettin simulacrum (IceCv)
  56 ogres
  A centaur (shapeshifter) (Vaults:1)
  3 wargs
  12 crocodiles
  12 giant slugs
  A giant slug zombie (D:16)
  A brain worm (D:15)
  A gnoll sergeant (D:4)
  28 giant frogs
  3 big kobolds
  38 insubstantial wisps
  12 agate snails
  25 water moccasins
  2 cyclops zombies
  A deep troll simulacrum (Vaults:2)
  A yaktaur skeleton (D:13)
  A komodo dragon skeleton (D:10)
  A troll zombie (D:12)
  2 elephant simulacra (IceCv)
  An orb spider zombie (Spider:1)
  13 killer bees
  The ghost of Piginabag the Insei, a weakling DsMo (D:6)
  18 jellyfish
  2 pulsating lumps (Lair:8)
  An eye of draining (D:11)
  A troll skeleton (D:10)
  11 electric eels
  8 goliath beetles
  17 spiders
  19 orc priests
  A yellow wasp zombie (D:12)
  16 big fish
  2 draconian simulacra (IceCv)
  3 quasits
  15 iguanas
  3 giant frog zombies
  14 crimson imps
  4 gnoll shamans (D:4)
  3 jellies
  9 scorpions
  31 orc wizards
  A giant frog skeleton (D:7)
  8 hounds
  A spectral orc (Orc:3)
  A basilisk skeleton (D:16)
  59 worker ants
  A boulder beetle simulacrum (D:16)
  A centaur simulacrum (IceCv)
  A troll simulacrum (IceCv)
  26 sheep
  7 boggarts
  A mottled dragon zombie (D:16)
  A big kobold skeleton (D:12)
  An ogre skeleton (D:7)
  A mummy (D:5)
  29 adders
  60 green rats
  7 giant centipedes
  41 gnolls
  2 ogre simulacra (IceCv)
  3 giant mites
  4 white imps (IceCv)
  An inept feature mimic (D:5)
  10 worms
  3 naga simulacra (IceCv)
  7 ufetubi (IceCv)
  A giant centipede zombie (D:14)
  An adder skeleton (D:8)
  2 giant eyeballs
  9 giant geckos
  220 orcs
  31 bats
  9 giant cockroaches
  20 hobgoblins
  41 jackals
  13 quokkas
  2 ball pythons
  A giant gecko zombie (D:6)
  4 giant newts
  3 giant spores
  22 goblins
  22 illusory rakshasas (D:16)
  25 kobolds
  3 kobold zombies
  2 orc skeletons
  2 orc zombies (D:5)
  A quokka skeleton (D:6)
  28 rats
  5 ballistomycetes
  A fungus (Lair:3)
  A plant (Lair:8)
2213 creatures vanquished.

Vanquished Creatures (collateral kills)
  A bog body (Swamp:5)
1 creature vanquished.

Vanquished Creatures (others)
  A sphinx (Vaults:2)
  2 vault wardens (Vaults:1)
  A stone giant (D:16)
  The ghost of Medar the Tainter, a powerful FoVM of Sif Muna (IceCv)
  2 ettins
  4 yaktaur captains
  An ironheart preserver (Vaults:2)
  17 hydras
  2 ogre magi
  A deep troll shaman (Vaults:2)
  A centaur warrior (Vaults:2)
  A deep elf knight (Vaults:4)
  4 hill giants
  A deep troll (Vaults:4)
  An ironbrand convoker (Vaults:1)
  A deep elf conjurer (Vaults:2)
  A wolf spider (Spider:4)
  4 cyclopes
  4 black mambas
  2 fire drakes (Lair:5)
  A jumping spider (Spider:2)
  3 komodo dragons
  A spriggan (Vaults:2)
  A boulder beetle (Vaults:2)
  A giant leech (Swamp:1)
  5 blink frogs
  2 trolls
  8 slime creatures
  A wyvern (D:11)
  A yak (Lair:1)
  A basilisk (Lair:5)
  3 redbacks
  2 vampire mosquitoes
  A tarantella (Spider:1)
  A hippogriff (Lair:4)
  A mottled dragon (D:11)
  An ice beast (D:6)
  4 orc warriors
  A swamp drake (Swamp:5)
  3 ogres
  A boring beetle (Lair:8)
  3 centaurs
  3 insubstantial wisps (Swamp:5)
  A killer bee (D:12)
  7 electric eels
  A big fish (Swamp:5)
  5 orc priests
  A gnoll shaman (D:4)
  2 orc wizards
  5 gnolls (D:4)
  2 ufetubi
  2 kobolds (D:16)
  7 fungi
  4 plants (Lair:7)
138 creatures vanquished.

Grand Total: 2352 creatures vanquished

Notes
Turn   | Place    | Note
--------------------------------------------------------------
     0 | Abyss:1  | Medar, the Formicid Abyssal Knight, began the quest for the Orb.
     0 | Abyss:1  | Reached XP level 1. HP: 19/19 MP: 1/1
    17 | D:1      | Escaped the Abyss
   100 | D:1      | Reached XP level 2. HP: 24/24 MP: 2/2
   434 | D:1      | Acquired Lugonu's second power
   491 | D:1      | Reached XP level 3. HP: 28/28 MP: 4/4
  1006 | D:2      | Reached XP level 4. HP: 33/33 MP: 5/5
  1034 | D:2      | Reached skill level 4 in Polearms
  1154 | D:2      | Reached XP level 5. HP: 35/37 MP: 6/6
  2059 | D:3      | Reached skill level 5 in Polearms
  2102 | D:2      | Acquired Lugonu's third power
  2313 | D:3      | Reached XP level 6. HP: 40/42 MP: 8/8
  2923 | D:4      | Reached skill level 6 in Polearms
  3047 | D:4      | Acquired Lugonu's fourth power
  3056 | D:4      | Noticed a sky beast
  3087 | D:4      | Killed a sky beast
  3087 | D:4      | Reached XP level 7. HP: 21/46 MP: 9/11
  3646 | D:4      | Noticed a phantom
  3688 | D:4      | Killed a phantom
  4005 | D:4      | Reached skill level 7 in Polearms
  4729 | D:4      | Reached XP level 8. HP: 48/51 MP: 14/14
  5100 | D:4      | Reached skill level 5 in Invocations
  5825 | D:4      | Reached skill level 8 in Polearms
  6062 | D:4      | Reached XP level 9. HP: 33/55 MP: 18/18
  6214 | D:4      | Reached skill level 9 in Polearms
  6922 | D:5      | Entered Level 5 of the Dungeon
  7020 | D:5      | Got a brightly glowing bone ring
  7295 | D:5      | Reached skill level 10 in Polearms
  8075 | D:5      | Reached skill level 5 in Armour
  8235 | D:6      | Noticed Piginabag's ghost (weakling DsMo)
  8247 | D:6      | Killed Piginabag's ghost
  8661 | D:6      | Found a staircase to the Ecumenical Temple.
  8727 | Temple   | Entered the Ecumenical Temple
  8782 | D:6      | Found a white marble altar of Elyvilon.
  8784 | D:6      | Reached skill level 5 in Fighting
  8889 | D:6      | Reached XP level 10. HP: 50/64 MP: 19/19
  9021 | D:7      | Noticed a hill giant
  9236 | D:7      | Banished a hill giant
 10206 | D:8      | Identified the ring of Ceados {SustAb rElec rC- Dex+1 Dam-2} (You found it on level 5 of the Dungeon)
 10750 | D:8      | Noticed a six-headed hydra
 10753 | D:8      | Banished a six-headed hydra
 11042 | D:9      | Noticed Grum
 11188 | D:9      | Reached skill level 11 in Polearms
 11556 | D:9      | Found a staircase to the Orcish Mines.
 11722 | D:9      | Found a staircase to the Lair.
 11760 | D:9      | Killed Grum
 11760 | D:9      | Reached XP level 11. HP: 45/71 MP: 22/22
 11859 | D:9      | Reached skill level 12 in Polearms
 12490 | Lair:1   | Entered Level 1 of the Lair of Beasts
 12605 | Lair:1   | Noticed an eight-headed hydra
 12754 | D:10     | Entered Level 10 of the Dungeon
 12760 | D:10     | Noticed Eustachio
 12943 | D:10     | Killed Eustachio
 12987 | D:10     | Got a crude large shield
 12996 | D:10     | Identified the +3 large shield of Responsibility {rElec} (You found it on level 10 of the Dungeon)
 13304 | D:10     | Acquired Lugonu's fifth power
 13391 | D:10     | Noticed a hill giant
 13409 | D:10     | Banished a hill giant
 13409 | D:10     | Reached skill level 10 in Invocations
 13564 | D:10     | Reached skill level 1 in Shields
 13942 | D:11     | Noticed a six-headed hydra
 13946 | D:11     | Banished a six-headed hydra
 14118 | D:11     | Noticed a hill giant
 14142 | D:11     | Killed a hill giant
 14549 | D:11     | Reached XP level 12. HP: 62/76 MP: 26/26
 14661 | D:11     | Reached skill level 5 in Shields
 15843 | Lair:1   | Banished an eight-headed hydra
 15991 | Lair:1   | Noticed Joseph
 16020 | Lair:1   | Killed Joseph
 16511 | Lair:1   | Noticed Fannar
 16528 | Lair:1   | Killed Fannar
 16713 | Lair:1   | Reached skill level 10 in Shields
 17470 | Lair:1   | Reached XP level 13. HP: 80/80 MP: 27/27
 17794 | Lair:2   | Noticed Erica
 17800 | Lair:2   | Banished Erica
 18652 | Lair:3   | Found a labyrinth entrance.
 18660 | Lab      | Entered a labyrinth
 19046 | Lab      | Noticed a minotaur
 19053 | Lab      | Killed a minotaur
 19056 | Lab      | Identified a +3 rod of warding (9/9) (You took it off a minotaur in a labyrinth)
 19063 | Lab      | Got a pitted bronze ring
 19063 | Lab      | Got an ebony crossbow
 19066 | Lab      | Identified the cursed +3,+2 crossbow of Bile {frost, MR++ SInv} (You found it in a labyrinth)
 19160 | Lair:3   | Reached skill level 13 in Polearms
 19497 | Lair:3   | Identified the ring "Xogona" {rPois Str+3 Int+3} (You found it in a labyrinth)
 20142 | Lair:3   | Found a hole to the Spider Nest.
 20405 | Lair:3   | Reached skill level 14 in Polearms
 20512 | Lair:3   | Noticed a five-headed hydra
 20513 | Lair:3   | Banished a five-headed hydra
 22103 | Lair:4   | Reached skill level 15 in Polearms
 22305 | Lair:5   | Got a crystal bow
 22306 | Lair:5   | Identified the +6,+10 bow "Worm" {frost, Str+3} (You found it on level 5 of the Lair of Beasts)
 22371 | Lair:5   | Noticed a six-headed hydra
 22373 | Lair:5   | Banished a six-headed hydra
 22408 | Lair:5   | Reached XP level 14. HP: 85/85 MP: 26/29
 22609 | Lair:5   | Found a staircase to the Swamp.
 23433 | Lair:5   | Reached skill level 16 in Polearms
 23916 | Lair:6   | Got a slimy cloak
 23947 | Lair:6   | Identified the -2 cloak "Shuilu" {Dex+4 Int+2} (You found it on level 6 of the Lair of Beasts)
 25195 | Lair:7   | Reached skill level 10 in Armour
 25945 | Lair:7   | Reached XP level 15. HP: 90/93 MP: 30/30
 27141 | Lair:1   | Upgraded the game from 0.14-a0-1653-g0ad7a2c to 0.14-a0-1663-g0b35444
 27386 | Lair:8   | Entered Level 8 of the Lair of Beasts
 27601 | Lair:8   | Reached skill level 10 in Fighting
 28127 | Lair:8   | Found a staircase to the Slime Pits.
 29473 | Orc:1    | Entered Level 1 of the Orcish Mines
 30009 | Orc:2    | Found Wocaonel's Distillery.
 30022 | Orc:2    | Bought a potion of agility for 42 gold pieces
 30022 | Orc:2    | Bought a potion of agility for 42 gold pieces
 30022 | Orc:2    | Bought a potion of might for 42 gold pieces
 30134 | Orc:1    | Noticed Maurice
 30157 | Orc:2    | Killed Maurice
 30370 | Orc:1    | Found an iron altar of Okawaru.
 30842 | Orc:3    | Found a staircase to the Elven Halls.
 32234 | Orc:4    | Entered Level 4 of the Orcish Mines
 32324 | Orc:4    | Noticed Nergalle
 32450 | Orc:4    | Found Gazxufilo's Antique Armour Shop.
 32450 | Orc:4    | Found Hiskacw's Magic Scroll Boutique.
 32498 | Orc:4    | Noticed Donald
 32684 | Orc:3    | Killed Donald
 33072 | Orc:3    | Reached XP level 16. HP: 72/105 MP: 31/31
 33150 | Orc:3    | Banished Nergalle
 33739 | Orc:4    | Found Cass' Book Shoppe.
 33791 | Orc:4    | Found Hulozo's Jewellery Shop.
 33858 | Orc:4    | Bought a scroll of curse jewellery for 34 gold pieces
 33858 | Orc:4    | Bought a scroll of identify for 34 gold pieces
 33858 | Orc:4    | Bought a scroll of fog for 34 gold pieces
 33858 | Orc:4    | Bought 2 scrolls of fear for 119 gold pieces
 33889 | Orc:4    | Found a bloodstained altar of Trog.
 33997 | Orc:4    | Noticed KINGBONG's ghost (powerful OgHu)
 34065 | Orc:4    | Killed KINGBONG's ghost
 34305 | Orc:4    | Bought an ichor-stained chain mail for 448 gold pieces
 34326 | Orc:4    | Identified the +2 chain mail "Houtt" {Str+4 Dex+1 Curse} (You bought it in a shop on level 4 of the Orcish Mines)
 34377 | Orc:4    | Bought an uncursed ring of protection from fire for 400 gold pieces
 34621 | D:12     | Noticed Erolcha
 34622 | D:12     | Banished Erolcha
 35144 | D:12     | Noticed a tengu reaver
 35148 | D:12     | Noticed a centaur warrior
 35150 | D:12     | Banished a tengu reaver
 35177 | D:12     | Killed a centaur warrior
 35315 | D:12     | Noticed an ettin
 35324 | D:12     | Banished an ettin
 35430 | D:12     | Noticed a sphinx
 35444 | D:12     | Killed a sphinx
 36099 | D:13     | Found Xyoqyev's Magical Wand Shoppe.
 36102 | D:13     | Bought a wand of heal wounds (3) for 672 gold pieces
 36350 | D:13     | Found a flagged portal.
 36384 | Bailey   | Entered a bailey
 37517 | Lair:1   | Gained mutation: You are robust (+10% HP). [potion of mutation]
 37517 | Lair:1   | Gained mutation: Your magical capacity is low (-10% MP). [potion of mutation]
 37517 | Lair:1   | Gained mutation: You are clumsy. (Dex -2) [potion of mutation]
 37766 | D:14     | Noticed 4tharraofdagon's ghost (powerful CeAr)
 37779 | D:14     | Killed 4tharraofdagon's ghost
 37893 | D:14     | Noticed Sonja
 37911 | D:14     | Banished Sonja
 37978 | D:14     | Reached skill level 15 in Shields
 37978 | D:14     | Reached XP level 17. HP: 107/119 MP: 27/27
 38799 | D:15     | Entered Level 15 of the Dungeon
 38922 | D:15     | Found a gate to the Vaults.
 39791 | D:16     | Entered Level 16 of the Dungeon
 40538 | D:16     | Reached skill level 17 in Polearms
 42081 | D:16     | Found a staircase to the Depths.
 42378 | Orc:4    | Bought an uncursed ring of poison resistance for 320 gold pieces
 42524 | Spider:1 | Entered Level 1 of the Spider Nest
 42689 | Spider:1 | Noticed Josephine
 42703 | Spider:1 | Killed Josephine
 43070 | Spider:1 | Reached skill level 18 in Polearms
 44373 | Spider:2 | Noticed Azrael
 44382 | Spider:1 | Killed Azrael
 45176 | Spider:2 | Reached XP level 18. HP: 126/126 MP: 24/28
 47089 | Spider:3 | Reached skill level 19 in Polearms
 49146 | Spider:4 | Noticed Agnes
 49164 | Spider:4 | Killed Agnes
 49785 | Spider:4 | Noticed Arachne
 49828 | Spider:4 | Killed Arachne
 50261 | Spider:5 | Entered Level 5 of the Spider Nest
 51107 | Spider:1 | Reached skill level 20 in Polearms
 51259 | Swamp:1  | Entered Level 1 of the Swamp
 52558 | Swamp:1  | Reached XP level 19. HP: 127/131 MP: 29/29
 52597 | Swamp:1  | Identified a -3 rod of demonology (12/12) (You found it on level 1 of the Swamp)
 53100 | Swamp:2  | Noticed Norris
 53265 | Swamp:1  | Killed Norris
 53412 | Swamp:2  | Noticed Aizul
 53740 | Swamp:2  | Noticed KINGBONG's ghost (powerful TrHu)
 54067 | Swamp:2  | Killed KINGBONG's ghost
 54219 | Swamp:2  | Killed Aizul
 55632 | Swamp:3  | Reached skill level 15 in Invocations
 56902 | Swamp:4  | Identified a scroll of acquirement
 56903 | Swamp:4  | Got an encrusted demon trident
 56904 | Swamp:4  | Identified the +3,+3 demon trident "Vuamoata" {venom, rElec rN+} (You acquired it on level 4 of the Swamp)
 57045 | Swamp:4  | Got a pair of ichor-stained boots
 57049 | Swamp:4  | Identified the +3 pair of boots of the Hurricane {+Rage rN+ Str+1 Dex-4 Stlth+} (You found it on level 4 of the Swamp)
 57806 | Swamp:5  | Entered Level 5 of the Swamp
 57958 | Swamp:5  | Got a twitching diamond amulet
 57968 | Swamp:5  | Identified the amulet "Zofuocw" {Clar Int+4} (You found it on level 5 of the Swamp)
 59744 | Swamp:5  | Reached XP level 20. HP: 84/137 MP: 31/31
 60118 | Swamp:5  | Got a decaying rune of Zot
 60562 | D:13     | Bought a wand of disintegration (10) for 224 gold pieces
 60666 | Vaults:1 | Entered Level 1 of the Vaults
 62452 | D:15     | Reached skill level 15 in Armour
 64240 | Vaults:1 | Got a sparkling zirconium amulet
 64241 | Vaults:1 | Identified the cursed amulet of the Devil {Clar MR++} (You found it on level 1 of the Vaults)
 66755 | Vaults:2 | Found a frozen archway.
 66767 | IceCv    | Entered an ice cave
 66880 | IceCv    | Noticed Medar's ghost (powerful FoVM)
 66882 | IceCv    | Banished Medar's ghost
 67128 | IceCv    | Reached XP level 21. HP: 78/142 MP: 33/33
 68042 | IceCv    | Got an iridescent flail
 68064 | IceCv    | Identified a +1 pair of boots of running (You found it in an ice cave)
 71686 | Vaults:2 | Found a staircase to the Enchanted Forest.
 72232 | Vaults:3 | Found a flickering gateway to a bazaar.
 72260 | Bazaar   | Entered a bazaar
 72260 | Bazaar   | Found Bagraf's Magical Wand Boutique.
 72260 | Bazaar   | Found Kloicvie's Jewellery Emporium.
 72260 | Bazaar   | Found Ymaarr's Distillery.
 72264 | Bazaar   | Found Xecoefyd's Armour Shoppe.
 72264 | Bazaar   | Found Muamaic's Book Shoppe.
 72296 | Bazaar   | Bought the macabre finger necklace {Ward} for 242 gold pieces
 72296 | Bazaar   | Bought the amulet of Charity {Clar +Inv rPois Stlth} for 566 gold pieces
 72296 | Bazaar   | Bought a cursed ring of hunger for 22 gold pieces
 72301 | Bazaar   | Bought a potion of agility for 37 gold pieces
 72301 | Bazaar   | Bought a potion of agility for 37 gold pieces
 72301 | Bazaar   | Bought a potion of might for 37 gold pieces
 72301 | Bazaar   | Bought a potion of heal wounds for 45 gold pieces
 72301 | Bazaar   | Bought a potion of heal wounds for 45 gold pieces
 72301 | Bazaar   | Bought a potion of agility for 37 gold pieces
 72301 | Bazaar   | Bought a potion of might for 37 gold pieces
 72301 | Bazaar   | Bought a potion of heal wounds for 45 gold pieces
 72306 | Bazaar   | Bought the ring of Veett {rF+ MP+9 Str+4 SInv} for 635 gold pieces
 72311 | Bazaar   | Bought 2 potions of curing for 60 gold pieces
 72311 | Bazaar   | Bought a potion of curing for 30 gold pieces
 72688 | Vaults:3 | Identified a +4 rod of fiery destruction (14/14) (You took it off a yaktaur captain on level 3 of the Vaults)
 73440 | Vaults:3 | Reached skill level 1 in Evocations
 73528 | Vaults:3 | Gained mutation: Your muscles are strong. (Str +2) [potion of beneficial mutation]
 74370 | Vaults:2 | Reached skill level 5 in Evocations
 74746 | Vaults:2 | Reached XP level 22. HP: 120/150 MP: 35/35
 76342 | Vaults:3 | Gained mutation: Your vision is a little blurry. [mutagenic meat]
 76343 | Vaults:3 | Gained mutation: Your vision is quite blurry. [mutagenic meat]
 76344 | Vaults:3 | Lost mutation: You are clumsy. (Dex -2) [mutagenic meat]
 77341 | Vaults:4 | Found Zoilep's Antique Weapon Shop.
 78097 | Vaults:4 | Found a staircase to the Hall of Blades.
 78754 | Lair:1   | Lost mutation: Your magical capacity is low (-10% MP). [potion of cure mutation]
 78754 | Lair:1   | Lost mutation: Your muscles are strong. (Str +2) [potion of cure mutation]
 78754 | Lair:1   | Lost mutation: Your vision is quite blurry. [potion of cure mutation]
 78754 | Lair:1   | Lost mutation: Your vision is a little blurry. [potion of cure mutation]
 78843 | Orc:2    | Bought a potion of heal wounds for 51 gold pieces
 78843 | Orc:2    | Bought 2 potions of resistance for 238 gold pieces
 78843 | Orc:2    | Bought 2 potions of curing for 68 gold pieces
 80634 | Vaults:4 | Reached XP level 23. HP: 144/161 MP: 40/40
 80671 | Vaults:4 | Slain by a stone giant

Action                   |  1- 3 |  4- 6 |  7- 9 | 10-12 | 13-15 | 16-18 | 19-21 | 22-24 || total
-------------------------+-------+-------+-------+-------+-------+-------+-------+-------++-------
Melee: Spear             |   113 |   269 |   784 |   287 |       |       |       |       ||  1453
       Halberd           |       |       |    87 |     2 |  2368 |  1557 |       |       ||  4014
       Trident           |       |       |       |  1266 |   343 |       |       |       ||  1609
       Glaive            |       |       |       |       |       |  1304 |  2710 |   553 ||  4567
       Unarmed           |       |       |       |       |       |     7 |       |       ||     7
       Demon trident     |       |       |       |       |       |       |   117 |    26 ||   143
       Bardiche          |       |       |       |       |       |       |       |   170 ||   170
Throw: Tomahawk          |       |       |     7 |     6 |       |       |       |       ||    13
       Large rock        |       |       |       |       |     8 |    11 |       |       ||    19
Invok: Banish            |       |       |    16 |    29 |    41 |    42 |    59 |    17 ||   204
       Bend Space        |       |       |     4 |     6 |     9 |    19 |    11 |     1 ||    50
 Abil: Dig               |       |       |     1 |       |    14 |     4 |     1 |       ||    20
Evoke: Wand              |       |       |     1 |    18 |    19 |     9 |    19 |    10 ||    76
       Rod               |       |       |       |       |     8 |     7 |    15 |     7 ||    37
       stone of tremors  |       |       |       |       |       |       |       |     1 ||     1
  Use: Scroll            |     1 |     9 |     7 |    10 |    15 |    16 |    16 |     8 ||    82
       Potion            |       |       |       |     5 |     8 |    15 |    13 |     7 ||    48
 Stab: Sleeping          |     1 |       |       |       |       |       |       |       ||     1
       Distracted        |       |       |       |       |     1 |     1 |       |       ||     2
